 Dungeon Crawl Stone Soup version 0.20.0-15-g7f486f2 (webtiles) character file.

57 renl the Ruffian (level 4, 37/38 HPs)
             Began as a Naga Transmuter on July 1, 2017.
             Quit the game on level 2 of the Dungeon.
             The game lasted 00:11:31 (1057 turns).

renl the Ruffian (Naga Transmuter)                  Turns: 1057, Time: 00:11:31

Health: 37/38      AC:  7    Str: 13    XL:     4   Next: 0%
Magic:  6/7        EV:  8    Int: 13    God:
Gold:   63         SH:  0    Dex: 12    Spells: 6/7 levels left

rFire    . . .     SeeInvis +     - Unarmed
rCold    . . .     Gourm    .   (no shield)
rNeg     . . .     Faith    .   b - +0 robe
rPois    +         Spirit   .   (no helmet)
rElec    .         Reflect  .   (no cloak)
rCorr    .         Harm     .   (no gloves)
MR       .....                  i - +1 naga barding
Stlth    ++........             (no amulet)
Regen    0.2/turn               (no ring)
MPRegen  0.1/turn               (no ring)

@: very slow
A: see invisible, deformed body, poison resistance, slowness 2, slow metabolism
1, spit poison 1, AC +1
a: Spit Poison


You were on level 2 of the Dungeon.
You were not hungry.

You visited 1 branch of the dungeon, and saw 2 of its levels.

You collected 63 gold pieces.

Inventory:

Missiles
 a - 12 arrows
Armour
 b - a +0 robe (worn)
 i - a +1 naga barding (worn)
Scrolls
 l - a scroll of identify {unknown}
 m - a scroll of fear {unknown}
 n - a scroll of noise {unknown}
 o - a scroll of remove curse {unknown}
 q - a scroll of fog {unknown}
Potions
 e - a potion of lignification {unknown}
 g - a potion of might {unknown}
 h - a potion of mutation {unknown}
 j - a potion of curing {unknown}
 k - 2 potions of heal wounds {unknown}
 p - a potion of brilliance {unknown}
 s - a potion of haste {unknown}
Books
 c - a book of Changes

   Spells                             Type                      Level
   a - Beastly Appendage              Transmutation                1
   b - Sticks to Snakes               Transmutation                2
   c - Spider Form                    Transmutation/Poison         3
   d - Ice Form                       Ice/Transmutation            4
   e - Blade Hands                    Transmutation                5
Comestibles
 d - a bread ration
 f - 10 chunks of flesh
 r - a royal jelly


   Skills:
 + Level 1.2 Fighting
 + Level 1.8 Dodging
 + Level 0.9 Stealth
 * Level 4.2 Unarmed Combat
 - Level 2.0 Spellcasting
 + Level 2.2 Transmutations


You had 6 spell levels left.
You knew the following spells:

 Your Spells              Type           Power        Failure   Level  Hunger
a - Beastly Appendage     Tmut           #.....       10%         1    ##.....


Dungeon Overview and Level Annotations

Branches:
Dungeon (2/15)

Altars:


Innate Abilities, Weirdness & Mutations

You cannot wear boots.
Your serpentine skin is tough. (AC +1)
You have supernaturally acute eyesight. (SInv)
Armour fits poorly on your strangely shaped body.
Your system is resistant to poisons. (rPois)
You cover ground very slowly.
You have a slow metabolism.
You can spit poison.


Message History

The adder bites you.
You hit the adder.
The adder is severely wounded.
You have got your breath back.
The adder bites you but does no damage.
You miss the adder. You headbutt the adder.
The adder is severely wounded.
The adder barely misses you.
You punch the adder!
You kill the adder!
You have reached level 4!
You feel agile.
You see here a jackal corpse.
You butcher the jackal corpse.
f - 10 chunks of flesh (gained 2)
Your horns disappear.
The jackal barks!
The jackal is too close now for your liking.
You see here a dagger.
Are you sure you want to abandon this character and quit the game? (Confirm with "yes".)

#.# #..### #.# #..##. #.#
#..... #.# ##.## # #.#
##.#.## .#.###### #.#
####.###.# S.......# #.#
#...## ##.
#h.....####.######.##.#
#.# ...........@.##.....#
#.#.##
##?......(.####.#####
#.... #....h....# #<#
#####
#.........####.#########
#
###....................#
#.............######.####
#.......................#
#..####..#.#.######..##.#
... .........# #......


You could see a jackal.

Vanquished Creatures
  An adder (D:2)
  An ooze (D:2)
  A worm (D:2)
  A dart slug (D:2)
  A leopard gecko (D:1)
  5 goblins
  3 hobgoblins (D:1)
  6 jackals
  A ball python (D:1)
  5 bats (D:1)
  3 frilled lizards
  4 kobolds (D:1)
  5 rats (D:1)
37 creatures vanquished.

Notes
Turn   | Place    | Note
-------+----------+-------------------------------------------
     0 | D:1      | renl the Naga Transmuter began the quest for the Orb.
     0 | D:1      | Reached XP level 1. HP: 18/18 MP: 3/3
   199 | D:1      | Reached XP level 2. HP: 20/25 MP: 5/5
   677 | D:1      | Reached XP level 3. HP: 31/31 MP: 6/6
   820 | D:2      | Reached skill level 4 in Unarmed Combat
  1049 | D:2      | Reached XP level 4. HP: 36/38 MP: 5/7
  1057 | D:2      | Quit the game

Skill      XL: |  1  2  3 |
---------------+----------+-----
Unarmed Combat | 4 |  4.2
Fighting       | |  1.2
Dodging        | |  1.8
Stealth        | |  0.9
Spellcasting   | |  2.0
Transmutations | |  2.2

Action                   |  1- 3 |  4- 6 || total
-------------------------+-------+-------++-------
Melee: Unarmed           |    64 |       ||    64
       Punch             |     1 |       ||     1
       Headbutt          |     1 |       ||     1
 Cast: Beastly Appendage |     4 |       ||     4
 Abil: Spit Poison       |    39 |       ||    39
  Eat: Chunk             |     2 |       ||     2
Armor: Robe              |    33 |       ||    33
Dodge: Dodged            |    37 |       ||    37
